 Dungeon Crawl Stone Soup version 0.31-a0-675-g238779eb0a (webtiles) character file.

Game seed: 15260653894377359367

609 Xavori the Slasher (level 7, -2/55 HPs)
             Began as a Demonspawn Chaos Knight on Sept 5, 2023.
             Was a Plaything of Xom.
             Slain by a chaos spawn (12 damage)
             ... summoned by Xom
             ... on level 4 of the Dungeon.
             The game lasted 00:04:12 (9022 turns).

Xavori the Slasher (Demonspawn Chaos Knight)        Turns: 9022, Time: 00:04:13

Health: -2/55      AC:  6    Str: 12    XL:     7   Next: 19%
Magic:  6/6        EV: 12    Int: 13    God:    Xom [.*....]
Gold:   414        SH:  0    Dex: 15    Spells: 6/6 levels left

rFire   . . .        a - +0 falchion (chaos)
rCold   + . .        (no shield)
rNeg    . . .        b - +2 leather armour
rPois   +            (helmet restricted)
rElec   .            (no cloak)
rCorr   .            (no gloves)
SInv    .            d - +0 pair of boots
Will    .....        (no amulet)
Stlth   ++           i - ring of flight
HPRegen 0.29/turn    m - ring of poison resistance
MPRegen 0.10/turn

%: clarity
@: flying
A: claws 1, demonic guardian 1, beak, clarity, cold resistance 1, low MP 1,
evolution 1
a: Renounce Religion


You were on level 4 of the Dungeon.
You worshipped Xom.
You were a plaything of Xom.
You visited 1 branch of the dungeon, and saw 5 of its levels.

You collected 414 gold pieces.

Inventory:

Hand Weapons
 a - a +0 falchion of chaos (weapon)
Armour
 b - a +2 leather armour (worn)
 d - a +0 pair of boots (worn)
 j - a +0 helmet
Jewellery
 i - a ring of flight (left claw)
 m - a ring of poison resistance (right claw)
Talismans
 p - a flux talisman
 q - a storm talisman
Wands
 g - a wand of quicksilver (9)
 r - a wand of paralysis (6)
 s - a wand of polymorph (5)
Scrolls
 c - a scroll of butterflies
 f - 3 scrolls of identify {unknown}
 h - 2 scrolls of amnesia {unknown}
 k - 2 scrolls of teleportation {unknown}
 n - a scroll of blinking {unknown}
 o - a scroll of torment {unknown}
 u - a scroll of enchant weapon {unknown}
 w - a scroll of acquirement {unknown}
Potions
 e - 2 potions of magic
 l - a potion of enlightenment {unknown}
 t - a potion of might {unknown}


   Skills:
 + Level 4.7 Fighting
 + Level 5.2 Long Blades
 + Level 3.0 Armour
 + Level 2.5 Dodging
 - Level 2.0 Stealth
 + Level 0.1 Evocations
 - Level 0.2 Shapeshifting


You had 6 spell levels left.
You didn't know any spells.
Your spell library contained the following spells:

 Spells                   Type           Power      Damage    Failure   Level
 Lesser Beckoning         Tloc           0%         N/A       52%         2
 Sublimation of Blood     Necr           0%         N/A       52%         2
 Wereblood                Tmut           0%         N/A       52%         2
 Gell's Gravitas          Tloc           0%         N/A       75%         3
 Stone Arrow              Conj/Erth      0%         3d7       75%         3
 Teleport Other           Tloc           0%         N/A       75%         3
 Volatile Blastmotes      Fire/Tloc      0%         2d10      75%         3
 Animate Armour           Summ/Erth      0%         N/A       98%         4
 Fulminant Prism          Conj/Hex       0%         3d5       98%         4
 Iskenderun's Mystic Bla  Conj/Tloc      0%         2d3       98%         4
 Irradiate                Conj/Tmut      0%         3d11      100%        5
 Summon Hydra             Summ           0%         N/A       100%        7
 Lehudib's Crystal Spear  Conj/Erth      0%         10d2      100%        8


Dungeon Overview and Level Annotations

Branches:
Dungeon (5/15)             Temple (0/1) D:4

Altars:
Cheibriados
Dithmenos
Yredelemnul

Shops:
D:2 [


Innate Abilities, Weirdness & Mutations

You have sharp fingernails.
A weak demonic guardian rushes to your aid.
You have a beak for a mouth.
You possess an exceptional clarity of mind.
Your flesh is cold resistant. (rC+)
Your magical capacity is low. (-10% MP)
You have hidden genetic potential.


Message History

Your quasit completely misses the kobold.
The kobold hits your quasit but does no damage.
Your quasit closely misses the kobold. x2
Your quasit barely misses the kobold.
You feel a genetic drift.
Your thoughts seem clearer.
Your quasit disappears in a puff of smoke!
The kobold closely misses you.
You closely miss the kobold. The kobold barely misses you.
You closely miss the kobold.
The kobold hits you with a +0 short sword.
* * * LOW HITPOINT WARNING * * *
A demonic guardian appears!
You barely miss the kobold.
The kobold hits you with a +0 short sword.
* * * LOW HITPOINT WARNING * * *
You hit the kobold. You freeze the kobold.
You kill the kobold!
Your iron imp completely misses the kobold.
You slash the kobold! You burn the kobold.
You kill the kobold!
The scorpion stings your iron imp but does no damage.
Your iron imp hits the scorpion.
The scorpion barely misses your iron imp.
The scorpion stings your iron imp.
Your iron imp hits the scorpion.
The scorpion stings your iron imp.
An iguana comes into view.
The scorpion stings your iron imp!
Your iron imp hits the scorpion.
The iguana hisses angrily.
There is a stone staircase leading up here.
You fly upwards.
There is a stone staircase leading down here.
You start resting. "Time to have some fun!"
You are now a plaything of Xom.
The ufetubus closely misses you. The ufetubus misses you.
The crimson imp closely misses you.
There is a stone staircase leading down here.
The ufetubus closely misses you. The ufetubus misses you.
The chaos spawn hits you!
You die...

.............###
#.>#.###......#
..............###
##8#.###......#
########.####...#
###.#........# .........#
###.## #...##.....#
.....#####
#..#####.####.....# .....#
##.##....####.....# .....#
#.##.##..........# .....#
#########.5..######.######
.....#
#......34@5##.......#
.....#
#.###########.#######
###### #.# #.# #.# #.# #.#
#.# #.# #.# #.# #.#
#.###########.#
#.............#


You could see a smoke demon (summoned), a chaos spawn (summoned), a crimson imp
(summoned) and an ufetubus (summoned).

Vanquished Creatures
  A blink frog (D:4)
  A kobold brigand (D:5)
  A scorpion (D:4)
  A howler monkey (D:4)
  A hound (D:4)
  2 sleepcaps
  Ijyb (D:3)
  4 adders
  4 worms
  A dart slug (D:2)
  10 orcs
  9 endoplasms
  5 giant cockroaches
  9 goblins
  7 hobgoblins
  7 quokkas
  13 ball pythons
  6 bats
  4 frilled lizards
  10 kobolds
  5 rats
102 creatures vanquished.

Vanquished Creatures (collateral kills)
  4 kobolds (D:5)
4 creatures vanquished.

Vanquished Creatures (others)
  An adder zombie (D:4)
1 creature vanquished.

Grand Total: 107 creatures vanquished

Notes
Turn   | Place    | Note
-------+----------+-------------------------------------------
     0 | D:1      | Xavori the Demonspawn Chaos Knight began the quest for the
                  | Orb.
     0 | D:1      | Reached XP level 1. HP: 18/18 MP: 1/1
   118 | D:1      | Reached skill level 3 in Long Blades
   121 | D:1      | Gained mutation: A weak demonic guardian rushes to your
                  | aid. [demonic ancestry]
   121 | D:1      | Reached XP level 2. HP: 19/24 MP: 2/2
   233 | D:1      | Reached skill level 1 in Dodging
   372 | D:1      | XOM: silly message
   425 | D:1      | Gained mutation: You have sharp fingernails. [demonic
                  | ancestry]
   425 | D:1      | Reached XP level 3. HP: 29/29 MP: 3/3
  1266 | D:1      | XOM: noise
  1368 | D:1      | XOM: noise
  1748 | D:1      | XOM: silly message
  2536 | D:1      | XOM: cloud trail
  2538 | D:1      | XOM: god gift: 27 gold pieces
  2619 | D:1      | XOM: god gift: robe {god gift}
  3148 | D:1      | XOM: silly message
  3329 | D:1      | XOM: divination: magic mapping
  3770 | D:1      | XOM is BORED!
  3770 | D:1      | XOM: noise
  4252 | D:1      | XOM: silly message
  4518 | D:1      | XOM: silly message
  4770 | D:1      | XOM: noise
  5080 | D:1      | XOM: scenery: summon butterflies
  5475 | D:1      | XOM is BORED!
  5475 | D:1      | XOM: silly message
  5665 | D:1      | XOM: noise
  5692 | D:1      | XOM: silly message
  6208 | D:1      | XOM: divination: detect creatures
  6304 | D:1      | XOM: god gift: 33 gold pieces
  6330 | D:1      | XOM: give mutations
  6330 | D:1      | Gained mutation: Your flesh is heat resistant. (rF+) [Xom's
                  | grace]
  6330 | D:1      | Gained mutation: Your flesh is cold resistant. (rC+) [Xom's
                  | grace]
  6330 | D:1      | Gained mutation: You have a beak for a mouth. [Xom's grace]
  6651 | D:2      | XOM: chaos upgrade
  6798 | D:2      | Found Berereasch's Antique Armour Boutique.
  6942 | D:2      | Reached XP level 4. HP: 37/37 MP: 4/4
  7397 | D:3      | Found a basalt altar of Yredelemnul.
  7402 | D:3      | Reached skill level 1 in Stealth
  7509 | D:3      | Found a shadowy altar of Dithmenos.
  7825 | D:3      | Noticed Ijyb
  7840 | D:3      | Killed Ijyb
  7841 | D:3      | Reached XP level 5. HP: 4/42 MP: 5/5
  8301 | D:4      | Found a snail-covered altar of Cheibriados.
  8349 | D:4      | Reached skill level 4 in Long Blades
  8374 | D:4      | XOM: give mutations
  8374 | D:4      | Gained mutation: You expend magic power (3 MP) to
                  | strengthen your wands. [Xom's mischief]
  8374 | D:4      | Lost mutation: Your flesh is heat resistant. (rF+) [Xom's
                  | mischief]
  8374 | D:4      | Gained mutation: You are vulnerable to heat. (rF-) [Xom's
                  | mischief]
  8432 | D:4      | Reached XP level 6. HP: 38/48 MP: 6/6
  8507 | D:4      | XOM: noise
  8611 | D:4      | Found a staircase to the Ecumenical Temple.
  8612 | D:4      | an ogre changed into a blink frog
  8612 | D:4      | Noticed a blink frog
  8612 | D:4      | XOM: polymorph ogre -> blink frog
  8618 | D:4      | XOM: swap monsters
  8632 | D:4      | Lost mutation: You expend magic power (3 MP) to strengthen
                  | your wands. [potion of mutation]
  8632 | D:4      | Lost mutation: You are vulnerable to heat. (rF-) [potion of
                  | mutation]
  8632 | D:4      | Gained mutation: Your magical capacity is low. (-10% MP)
                  | [potion of mutation]
  8632 | D:4      | Gained mutation: You have hidden genetic potential. [potion
                  | of mutation]
  8633 | D:4      | Killed a blink frog
  8634 | D:4      | Reached skill level 5 in Long Blades
  8796 | D:4      | XOM: stat loss: -1 Int (12/13)
  8803 | D:4      | XOM: noise
  8936 | D:5      | Entered Level 5 of the Dungeon
  8943 | D:5      | Reached XP level 7. HP: 47/55 MP: 6/6
  8943 | D:5      | XOM: enchant monster (bad)
  8947 | D:5      | XOM: silly message
  8955 | D:5      | XOM: confusion
  8989 | D:5      | Gained mutation: You possess an exceptional clarity of
                  | mind. [hidden potential]
  8996 | D:5      | HP: 2/55 [kobold/+0 short sword (4)]
  9020 | D:4      | XOM: summons 4 hostile demons
  9021 | D:4      | Noticed a chaos spawn
  9021 | D:4      | Noticed a smoke demon
  9022 | D:4      | Slain by a chaos spawn

Illustrated notes

Levels and vault maps discovered:
D:1:      minmay_arrival_three_doors, layout_loops_ring, serial_bayou_pond_b,
          item_on_display_b
D:2:      layout_loops_ring, serial_shops, nicolae_shop_tiny_statue_garden,
          basic_altar, minmay_heptomino_w4
D:3:      layout_loops_ring, grunt_dithmenos_smoke_and_mirrors,
          mainiacjoe_overflow_concentric_impassable, uniq_ijyb
D:4:      layout_basic, amcnicky_altar_gilded, temple_statues,
          uniq_blork_the_orc
D:5:      kennysheep_big_flooded_room, layout_basic,
          mainiacjoe_overflow_24_doors, old_standard_altar,
          gup_sewer_entry_pipe, serial_shops, shop, nicolae_titane

Skill      XL: |  1  2  3  4  5  6  7 |
---------------+----------------------+-----
Long Blades    | 3 4 5 |  5.2
Dodging        | 1 2 |  2.5
Armour         | 2 3 |  3.0
Stealth        | 1 2 |  2.0
Fighting       | 4 |  4.7
Evocations     | |  0.1
Shapeshifting  | |  0.2

Action                     |  1- 3 |  4- 6 |  7- 9 || total
---------------------------+-------+-------+-------++-------
  Melee: Falchion          |   124 |   143 |    30 ||   297
         Peck              |     9 |    24 |     3 ||    36
         Punch             |     1 |     1 |       ||     2
  Evoke: Wand              |       |     1 |       ||     1
    Use: Potion            |       |     3 |       ||     3
   Stab: Confused          |     1 |     2 |       ||     3
         Sleeping          |     1 |     4 |       ||     5
         Distracted        |     1 |       |       ||     1
         Petrifying        |       |     1 |       ||     1
 Armour: Leather armour    |    87 |    68 |    21 ||   176
  Dodge: Dodged            |    81 |    88 |    20 ||   189

Table legend: (Time is in decaauts)
 A = Elapsed time spent in this place.
 B = Non-inter-level travel time spent in this place.
 C = Inter-level travel time spent in this place.
 D = Time resting spent in this place.
 E = Time spent auto-exploring this place.
 F = Levels seen in this place.
 G = Mean time per level.
                   A        B        C        D        E       F      G
               +--------+--------+--------+--------+--------+-----+--------+
         Total |   9041 |   8913 |    128 |   5970 |   2230 |   5 | 1808.2 |
       Dungeon |   9041 |   8913 |    128 |   5970 |   2230 |   5 | 1808.2 |
               +--------+--------+--------+--------+--------+-----+--------+

Top non-repeatable levels by time:
     D:1: 6511 daAuts
     D:3: 899 daAuts
     D:4: 800 daAuts
     D:2: 751 daAuts
     D:5: 78 daAuts
